 Dungeon Crawl Stone Soup version 0.23-b1-6-ga921848b48 (webtiles) character file.

Game seed: 22272070038063460

70 Revguard the Skirmisher (level 4, 0/52 HPs)
             Began as a Demonspawn Fighter on Feb 2, 2019.
             Succumbed to Sigmund's poison
             ... on level 3 of the Dungeon.
             The game lasted 00:05:39 (2115 turns).

Revguard the Skirmisher (Demonspawn Fighter)        Turns: 2115, Time: 00:05:39

Health: 0/52       AC: 22    Str: 22    XL:     4   Next: 4%
Magic:  4/4        EV:  2    Int: 10    God:
Gold:   144        SH:  9    Dex: 12    Spells: 3/3 levels left

rFire    . . .     SeeInvis .   a - +0 war axe
rCold    . . .     Gourm    +   c - +0 shield
rNeg     + + +     Faith    .   (armour currently unavailable)
rPois    +         Spirit   .   (helmet currently unavailable)
rElec    .         Reflect  .   (cloak currently unavailable)
rCorr    .         Harm     .   (gloves currently unavailable)
MR       +....     NoTele   +   (boots currently unavailable)
Stlth    +.........             n - amulet of the gourmand
HPRegen  0.17/turn              o - ring of protection from magic
MPRegen  0.09/turn              (no ring)

@: mighty, lethally poisoned (0 -> -9), tree-form, hasted, very quick
A: no striking features
a: no special abilities


You were on level 3 of the Dungeon.
You were hungry.
You were a tree.
You visited 1 branch of the dungeon, and saw 3 of its levels.

You collected 144 gold pieces.

Inventory:

Hand Weapons
 a - a +0 war axe (weapon)
Armour
 c - a +0 shield (worn)
 j - a +0 plate armour (melded)
Jewellery
 n - an amulet of the gourmand (around neck)
 o - a ring of protection from magic (left branch)
Scrolls
 e - 4 scrolls of identify {unknown}
 g - a scroll of immolation {unknown}
 k - a scroll of amnesia {unknown}
 m - 2 scrolls of magic mapping {unknown}
 p - a scroll of enchant weapon {unknown}
Potions
 i - a potion of brilliance
Comestibles
 f - 5 rations


   Skills:
 + Level 3.4 Fighting
 + Level 2.5 Axes
 + Level 3.1 Armour
 + Level 0.1 Dodging
 + Level 3.3 Shields


You had 3 spell levels left.
You didn't know any spells.
Your spell library was empty.

Dungeon Overview and Level Annotations

Branches:
Dungeon (3/15)

Altars:

Annotations:
D:3 Sigmund


Innate Abilities, Weirdness & Mutations

((You have a pair of small horns on your head.))


Message History

You feel sick. Something hits you but does no damage.
You are more poisoned.
Your shield prevents you from hitting something.
* * * LOW HITPOINT WARNING * * *
You feel sick.
You hear some strange, mumbled words.
Something tries to affect you, but you resist.
You barely miss something.
* * * LOW HITPOINT WARNING * * *
You feel sick.
You hear some strange, mumbled words.
Something tries to affect you, but you resist.
You slash something!
* * * LOW HITPOINT WARNING * * *
You feel sick.
You hear some strange, mumbled words.
A puff of flame appears from out of thin air!
The puff of flame hits you but does no damage.
You miss something.
You die...

######.## ##.##
#...# #...#######
#.........#
#####...#####.#
#....<......#.###
................#.=
#..........♣{<.....
#####...####.......
#.... .......
#...## #...#..
#...# #### # ##.##
#. #.


There were no monsters in sight!

Vanquished Creatures
  2 adders (D:2)
  A worm (D:2)
  2 dart slugs (D:1)
  A leopard gecko (D:2)
  A ball python (D:2)
  4 bats
  6 giant cockroaches
  5 goblins
  5 hobgoblins
  3 kobolds
  A quokka (D:2)
  2 frilled lizards
  7 rats
40 creatures vanquished.

Notes
Turn   | Place    | Note
-------+----------+-------------------------------------------
     0 | D:1      | Revguard the Demonspawn Fighter began the quest for the
                  | Orb.
     0 | D:1      | Reached XP level 1. HP: 18/18 MP: 1/1
   180 | D:1      | Gained mutation: You have a pair of small horns on your
                  | head. [demonic ancestry]
   180 | D:1      | Reached XP level 2. HP: 21/24 MP: 2/2
  1124 | D:2      | Reached XP level 3. HP: 26/29 MP: 3/3
  1964 | D:3      | Reached XP level 4. HP: 35/35 MP: 4/4
  2089 | D:3      | Noticed Sigmund
  2112 | D:3      | HP: 2/52 [poisoned by Sigmund]
  2115 | D:3      | Succumbed to Sigmund's poison

Skill      XL: |  1  2  3 |
---------------+----------+-----
Axes           | 2 |  2.5
Shields        | 3 |  3.3
Armour         | 3 |  3.1
Fighting       | |  3.4
Dodging        | |  0.1

Action                   |  1- 3 |  4- 6 || total
-------------------------+-------+-------++-------
Melee: War axe           |   108 |    20 ||   128
       Headbutt          |     7 |       ||     7
  Use: Potion            |     3 |     3 ||     6
  Eat: Chunk             |     6 |       ||     6
Armor: Scale mail        |    23 |       ||    23
       Plate armour      |    70 |       ||    70
       Skin              |       |     6 ||     6
Dodge: Dodged            |    18 |     1 ||    19
Block: Shield            |    53 |     3 ||    56
